 Dungeon Sprint DCSS version 0.29-a0-512-gf59ac788ac (webtiles) character file.

Game seed: 12723284135621555578

25398 mhtbhm the Wrestler (level 12, -17/205 HPs)
             Began as a Troll Transmuter on May 29, 2022.
             Was an Initiate of Gozag.
             Demolished by Rupert
             ... wielding a +5 vorpal executioner's axe
              (35 damage)
             ... in the Dungeon (Sprint IX: "|||||||||||||||||||||||||||||").
             The game lasted 00:08:07 (2411 turns).

mhtbhm the Wrestler (Troll Transmuter)              Turns: 2411, Time: 00:08:08

Health: -17/205    AC:  8    Str: 21    XL:     12   Next: 89%
Magic:  16/24      EV: 15    Int: 13    God:    Gozag
Gold:   6236       SH:  0    Dex: 10    Spells: 19/29 levels left

rFire   x . .      SeeInvis .     - Unarmed
rCold   + + +      Faith    .   (shield currently unavailable)
rNeg    . . .      Spirit   .   (body armour currently unavailable)
rPois   +          Reflect  .   (helmet currently unavailable)
rElec   .          Harm     .   (cloak currently unavailable)
rCorr   .          Rampage  .   (gloves unavailable)
Will    +....      NoTele   +   (boots unavailable)
Stlth   ..........              x - amulet of magic regeneration
HPRegen 1.24/turn               k - +2 ring of evasion
MPRegen 0.59/turn               z - ring of willpower

@: berserking, ice-form, very slightly contaminated, very quick
A: freezing attack, amphibious, boosted hp, large, unfitting armour, (claws 3),
regeneration 1, (shaggy fur 1), (tough skin 1)
a: End Transformation, Renounce Religion, Potion Petition, Call Merchant, Bribe
Branch


You were in the Dungeon.
You worshipped Gozag.
Gozag was greatly pleased with you.
You were a creature of crystalline ice.
You visited 1 branch You collected 10899 gold pieces.
You spent 3593 gold pieces at shops.
You paid 1070 gold pieces to Gozag.

Inventory:

Missiles
 d - 9 poisoned darts (quivered)
 w - 6 javelins
 y - a throwing net
Armour
 a - +0 acid dragon scales (melded)
 s - a +0 cloak (melded)
 C - +1 pearl dragon scales
Jewellery
 k - a +2 ring of evasion (left front paw)
 x - an amulet of magic regeneration (around neck)
 z - a ring of willpower (right front paw)
 A - a ring of see invisible
 B - a ring of protection from fire
Wands
 j - a wand of acid (9)
Scrolls
 h - a scroll of blinking
 i - 2 scrolls of amnesia
 n - a scroll of magic mapping
 p - a scroll of enchant weapon
 q - a scroll of fog
 r - 5 scrolls of identify
 v - a scroll of poison
Potions
 b - a potion of lignification
 c - 3 potions of curing
 e - 6 potions of haste
 f - 4 potions of magic
 g - a potion of might
 m - 4 potions of heal wounds
 u - a potion of resistance
Miscellaneous
 o - a piece from Xom's chessboard (15/15)
 t - a lightning rod (2/4)


   Skills:
 + Level 6.2 Fighting
 + Level 1.2 Armour
 + Level 11.1 Dodging
 - Level 2.0 Stealth
 + Level 23.3 Unarmed Combat
 + Level 9.0 Spellcasting
 + Level 9.8 Transmutations
 + Level 5.4 Ice Magic
 + Level 3.0 Evocations


You had 19 spell levels left.
You knew the following spells:

 Your Spells              Type           Power      Damage    Failure   Level
a - Beastly Appendage     Tmut           62%        N/A       1%          1
b - Wereblood             Tmut           31%        N/A       1%          2
c - Spider Form           Tmut/Pois      18%        N/A       4%          3
d - Ice Form              Ice/Tmut       25%        N/A       5%          4

Your spell library contained the following spells:

 Spells                   Type           Power      Damage    Failure   Level


Dungeon Overview and Level Annotations

Branches:
Dungeon (1/1)

Altars:
Cheibriados
Dithmenos
Elyvilon
Fedhas
Gozag
Hepliaklqana
Kikubaaqudgha
Makhleb
Nemelex Xobeh
Okawaru
Qazlal
Ru
Sif Muna
Trog
Uskayaw
Vehumet
Wu Jian
Xom
Yredelemnul
Zin
The Shining One
Beogh
Jiyva
Lugonu

Shops:
D =[*[

Annotations:
D Rupert


Innate Abilities, Weirdness & Mutations

You are a creature of crystalline ice.
You have a powerful freezing melee attack.
You are amphibious.
Your maximum health is increased.
Your armour is entirely melded.
You are incapable of wielding weapons or throwing items.
You are too large for most types of armour.
((You have claws for hands.))
Your natural rate of healing is unusually fast.
((You are covered in fur. (AC +1)))
((You have tough skin. (AC +1)))


Message History

Casting: Ice Form (dangerous; 7% risk of failure)
Confirm with . or Enter, or press ? or * to list all spells.
You turn into a creature of crystalline ice.
Your +0 cloak melds into your body.
Your +0 acid dragon scales melds into your body.
Rupert hits you with a +5 vorpal executioner's axe!!!
You hear a roar!
Okay, then. [a] - 270 gold - heal wounds and berserk rage [b] - 600 gold - haste, resistance and heal wounds [c] - 338 gold - heal wounds, curing and berserk rage Purchase which effect?
You feel much better.
A red film seems to cover your vision as you go berserk!
You feel yourself moving faster!
You feel mighty!
Rupert hits you with a +5 vorpal executioner's axe!! x2
You punch Rupert! You freeze Rupert.
Rupert is lightly wounded.
Unknown command.
You pummel Rupert!! You freeze Rupert.
Rupert is moderately wounded.
Rupert hits you with a +5 vorpal executioner's axe!!
Unknown command.
You barely miss Rupert.
Rupert is moderately wounded.
Unknown command.
You pummel Rupert!! You freeze Rupert!
Rupert is heavily wounded.
You hear a deafening roar!
Rupert hits you with a +5 vorpal executioner's axe!!!
* * * LOW HITPOINT WARNING * * *
x2 You hear a roar!
You hear a hideous shriek!
Unknown command.
You punch Rupert! You freeze Rupert.
Rupert is severely wounded.
You barely miss Rupert.
Rupert is severely wounded.
Rupert hits you with a +5 vorpal executioner's axe!!
You die...
Your body crumbles into a pile of gold.

▓_▓.▓'▓.▓.▓.▓[▓
▓_▓.▓.▓.▓)▓.▓.▓.▓
▓_▓.▓.▓.▓)▓.▓.▓.▓
▓_▓.▓.▓.▓)▓.▓.▓.▓
▓_▓.▓.▓.▓)▓.▓.▓.♣
▓_▓.▓.▓.▓)▓.▓.▓.♣
▓_▓.▓.▓.▓.▓.▓.▓.♣
▓_▓.▓.▓.▓.▓)▓.▓@♣
▓_▓.▓.▓.▓.▓.▓.▓Y♣
▓_▓.▓.▓.▓'▓.▓.▓.♣
▓'▓.▓'▓.▓.▓.▓=▓.♣
▓.▓.▓.▓.▓.▓.▓'▓.♣
▓.▓.▓.▓.▓.▓)▓)▓.♣
▓)▓.▓.▓.▓.▓.▓)▓.♣
▓.▓.▓.▓.▓.▓.▓)▓.▓
▓[▓.▓.▓.▓∩▓.▓(▓.▓
▓[▓.▓.▓.▓.▓.▓.▓.▓


You could see Rupert (berserk).

Vanquished Creatures
  2 frost giants (D)
  A stone giant (D)
  An ettin (D)
  A fire dragon (D)
  Josephine (D)
  A hydra (D)
  4 ogre magi (D)
  An ice dragon (D)
  Harold (D)
  A boulder beetle (D)
  A deep troll earth mage (D)
  A two-headed ogre (D)
  A skeletal warrior (D)
  3 deep trolls (D)
  3 ugly things (D)
  An orc sorcerer (D)
  4 orc knights (D)
  An elephant (D)
  Joseph (D)
  2 cane toads (D)
  A black mamba (D)
  A gargoyle (D)
  Psyche (D)
  2 unseen horrors (D)
  2 komodo dragons (D)
  A troll (shapeshifter) (D)
  7 trolls (D)
  A polar bear (D)
  A blink frog (shapeshifter) (D)
  2 yaks (D)
  6 wraiths (D)
  A basilisk (D)
  A basilisk (shapeshifter) (D)
  3 wargs (D)
  4 water moccasins (D)
  A hell hound (D)
  9 orc warriors (D)
  4 wolves (D)
  A centaur (D)
  3 bullfrogs (D)
  A kobold brigand (D)
  A gnoll sergeant (D)
  A wight (D)
  An orc priest (D)
  2 jellies (D)
  8 orc wizards (D)
  6 orcs (D)
  An endoplasm (D)
  A kobold (D)
  3 rats (D)
109 creatures vanquished.

Vanquished Creatures (others)
  A black mamba (shapeshifter) (D)
1 creature vanquished.

Grand Total: 110 creatures vanquished

Notes
Turn   | Place    | Note
-------+----------+-------------------------------------------
     0 | D        | mhtbhm the Troll Transmuter began the quest for the Orb.
     0 | D        | Reached XP level 1. HP: 18/18 MP: 1/1
    26 | D        | Noticed a jelly
    26 | D        | Noticed a centaur
    26 | D        | Noticed a jelly
    26 | D        | Noticed a gnoll sergeant
    28 | D        | Killed a jelly
    29 | D        | Reached skill level 5 in Unarmed Combat
    29 | D        | Reached XP level 2. HP: 22/26 MP: 0/3
    29 | D        | Reached XP level 3. HP: 27/32 MP: 0/4
    40 | D        | Killed a centaur
    41 | D        | Reached skill level 1 in Fighting
    41 | D        | Reached skill level 7 in Unarmed Combat
    41 | D        | Reached XP level 4. HP: 41/41 MP: 1/6
    44 | D        | Reached XP level 5. HP: 35/48 MP: 1/8
    48 | D        | Reached skill level 8 in Unarmed Combat
    98 | D        | Learned a level 2 spell: Wereblood
   102 | D        | Learned a level 3 spell: Spider Form
   107 | D        | Learned a level 4 spell: Ice Form
   112 | D        | Found a snail-covered altar of Cheibriados.
   112 | D        | Found a shadowy altar of Dithmenos.
   112 | D        | Found a white marble altar of Elyvilon.
   112 | D        | Found a blossoming altar of Fedhas.
   112 | D        | Found an opulent altar of Gozag.
   113 | D        | Found a hazy altar of Hepliaklqana.
   114 | D        | Found a viscous altar of Jiyva.
   115 | D        | Found an ancient bone altar of Kikubaaqudgha.
   116 | D        | Found a corrupted altar of Lugonu.
   117 | D        | Found a burning altar of Makhleb.
   118 | D        | Found a sparkling altar of Nemelex Xobeh.
   119 | D        | Found an iron altar of Okawaru.
   120 | D        | Became a worshipper of Gozag Ym Sagoz the Greedy
   121 | D        | Found a stormy altar of Qazlal.
   122 | D        | Found a sacrificial altar of Ru.
   123 | D        | Found a shimmering blue altar of Sif Muna.
   124 | D        | Found a bloodstained altar of Trog.
   125 | D        | Found a hide-covered altar of Uskayaw.
   126 | D        | Found a radiant altar of Vehumet.
   127 | D        | Found an ornate altar of the Wu Jian Council.
   128 | D        | Found a shimmering altar of Xom.
   129 | D        | Found a basalt altar of Yredelemnul.
   130 | D        | Found a glowing silver altar of Zin.
   131 | D        | Found a glowing golden altar of the Shining One.
   159 | D        | Noticed a two-headed ogre
   165 | D        | Killed a two-headed ogre
   166 | D        | Reached skill level 12 in Unarmed Combat
   166 | D        | Reached XP level 6. HP: 54/59 MP: 5/11
   166 | D        | Reached XP level 7. HP: 60/66 MP: 5/12
   176 | D        | Reached skill level 5 in Transmutations
   184 | D        | Killed an unseen horror
   185 | D        | Reached skill level 13 in Unarmed Combat
   185 | D        | Reached XP level 8. HP: 46/74 MP: 8/13
   198 | D        | Killed an unseen horror
   248 | D        | Noticed a boulder beetle
   248 | D        | Noticed a queen bee
   248 | D        | Noticed a gargoyle
   248 | D        | Noticed a queen bee
   248 | D        | Noticed a troll
   297 | D        | Noticed a black mamba
   311 | D        | Killed a boulder beetle
   312 | D        | Reached skill level 14 in Unarmed Combat
   312 | D        | Reached skill level 5 in Spellcasting
   312 | D        | Reached XP level 9. HP: 37/83 MP: 12/15
   315 | D        | Killed a black mamba
   318 | D        | Reached skill level 15 in Unarmed Combat
   319 | D        | Killed a gargoyle
   324 | D        | Killed a troll
   325 | D        | Reached skill level 1 in Evocations
   513 | D        | Noticed a cane toad
   513 | D        | Noticed a cane toad
   517 | D        | Noticed a black mamba
   520 | D        | Killed a cane toad
   521 | D        | Reached skill level 1 in Stealth
   525 | D        | Reached skill level 16 in Unarmed Combat
   534 | D        | Killed a cane toad
   535 | D        | Reached skill level 1 in Ice Magic
   535 | D        | Reached XP level 10. HP: 79/94 MP: 5/18
   537 | D        | Killed a black mamba
   678 | D        | Noticed an elephant
   682 | D        | Noticed a five-headed hydra
   694 | D        | Reached skill level 17 in Unarmed Combat
   698 | D        | Killed an elephant
   702 | D        | Killed a five-headed hydra
   776 | D        | Reached skill level 18 in Unarmed Combat
   868 | D        | Noticed Joseph
   878 | D        | Killed Joseph
   879 | D        | Reached skill level 5 in Fighting
   879 | D        | Reached XP level 11. HP: 102/102 MP: 16/20
  1068 | D        | Noticed an orc knight
  1077 | D        | Killed an orc knight
  1078 | D        | Noticed an orc sorcerer
  1087 | D        | Noticed an orc knight
  1088 | D        | Killed an orc sorcerer
  1089 | D        | Reached skill level 19 in Unarmed Combat
  1098 | D        | Killed an orc knight
  1251 | D        | Found Waublier's Jewellery Emporium.
  1251 | D        | Noticed a deep troll
  1251 | D        | Noticed a deep troll
  1252 | D        | Noticed a deep troll
  1258 | D        | Killed a deep troll
  1259 | D        | Found Lughecu's Armour Shoppe.
  1260 | D        | Noticed an ogre mage
  1261 | D        | Killed a deep troll
  1270 | D        | Killed a deep troll
  1270 | D        | Noticed an ogre mage
  1271 | D        | Reached skill level 20 in Unarmed Combat
  1457 | D        | Paralysed by an ogre mage for 2 turns
  1460 | D        | Killed an ogre mage
  1464 | D        | Killed an ogre mage
  1562 | D        | Found Ubywu's General Store.
  1566 | D        | Found Idwol's Antique Armour Shoppe.
  1569 | D        | Noticed an ogre mage
  1572 | D        | Noticed an ogre mage
  1578 | D        | Killed an ogre mage
  1582 | D        | Reached skill level 10 in Dodging
  1587 | D        | Reached skill level 21 in Unarmed Combat
  1594 | D        | Killed an ogre mage
  1658 | D        | Bought a +0 robe of willpower for 92 gold pieces
  1665 | D        | Bought a lightning rod (4/4) for 300 gold pieces
  1665 | D        | Bought a potion of heal wounds for 50 gold pieces
  1665 | D        | Bought a potion of resistance for 100 gold pieces
  1665 | D        | Bought a wand of acid (6) for 200 gold pieces
  1665 | D        | Bought a scroll of poison for 35 gold pieces
  1665 | D        | Bought 6 javelins for 48 gold pieces
  1673 | D        | Bought runed pearl dragon scales for 2348 gold pieces
  1686 | D        | Bought an amulet of magic regeneration for 420 gold pieces
  1741 | D        | Reached XP level 12. HP: 113/113 MP: 14/22
  1745 | D        | Noticed Josephine
  1753 | D        | Killed Josephine
  1792 | D        | Noticed Psyche
  1797 | D        | Killed Psyche
  1823 | D        | Noticed Harold
  1831 | D        | Killed Harold
  1967 | D        | Reached skill level 22 in Unarmed Combat
  1967 | D        | Noticed a stone giant
  1968 | D        | Noticed a deep troll earth mage
  1978 | D        | Noticed a frost giant
  1980 | D        | Noticed an ice dragon
  1986 | D        | Noticed a fire dragon
  1989 | D        | Killed a stone giant
  2087 | D        | Killed a deep troll earth mage
  2093 | D        | Killed a frost giant
  2094 | D        | Reached skill level 5 in Ice Magic
  2142 | D        | Killed an ice dragon
  2143 | D        | Reached skill level 23 in Unarmed Combat
  2205 | D        | Killed a fire dragon
  2206 | D        | Reached skill level 1 in Armour
  2227 | D        | Noticed an ettin
  2228 | D        | Noticed a frost giant
  2283 | D        | Killed a frost giant
  2289 | D        | Killed an ettin
  2397 | D        | Noticed Rupert
  2411 | D        | Demolished by Rupert

Illustrated notes

Levels and vault maps discovered:
D:        linesprint [early_d, line_temple, items_1, d_10, items_2, lair_1,
          lair_end, items_3, orc_1, orc_end, items_4, d_15, swamp_1, shoals_1,
          snake_1, spider_1, d_20, vaults_1, items_5, swamp_end, shoals_end,
          snake_end, spider_end, vaults_end, d_27, items_6, zot_1, zot_end,
          crypt_end, forest_end, elf_end, slime_end, tomb_end, abyss_end,
          pan_hell_end]

Skill      XL: |  1  2  3  4  5  6  7  8  9 10 11 12 |
---------------+-------------------------------------+-----
Dodging        | 2 3 6 7 8 9 10 11 | 11.1
Unarmed Combat | 5 7 12 13 14 16 18 21 23 | 23.3
Transmutations | 2 3 4 5 6 7 8 9 |  9.8
Spellcasting   | 2 4 5 6 7 9 |  9.0
Fighting       | 1 2 3 4 5 6 |  6.2
Evocations     | 1 2 3 |  3.0
Stealth        | 1 2 |  2.0
Ice Magic      | 1 2 3 5 |  5.4
Armour         | 1 |  1.2

Action                   |  1- 3 |  4- 6 |  7- 9 | 10-12 || total
-------------------------+-------+-------+-------+-------++-------
Melee: Unarmed           |    24 |    11 |    63 |   227 ||   325
       Headbutt          |     2 |     2 |     9 |       ||    13
       Punch             |     1 |     2 |     4 |     2 ||     9
       Kick              |     1 |     1 |    11 |     3 ||    16
 Cast: Beastly Appendage |     1 |     1 |     3 |     1 ||     6
       Wereblood         |       |     1 |     3 |    10 ||    14
       Ice Form          |       |       |     1 |    16 ||    17
Invok: Potion Petition   |       |       |       |     3 ||     3
Evoke: Wand              |       |       |     5 |     2 ||     7
       Lightning rod     |       |       |       |     2 ||     2
  Use: Potion            |     2 |       |     7 |     1 ||    10
       Scroll            |       |       |     1 |     3 ||     4
 Stab: Invisible         |       |       |     3 |       ||     3
       Distracted        |       |       |     1 |     3 ||     4
       Sleeping          |       |       |       |     3 ||     3
Armor: Robe              |    17 |     1 |     3 |       ||    21
       Skin              |       |       |     2 |    21 ||    23
       Acid dragon scale |       |       |       |     3 ||     3
Dodge: Dodged            |    13 |     7 |    25 |    67 ||   112

Table legend: (Time is in decaauts)
 A = Elapsed time spent in this place.
 B = Non-inter-level travel time spent in this place.
 C = Inter-level travel time spent in this place.
 D = Time resting spent in this place.
 E = Time spent auto-exploring this place.
 F = Levels seen in this place.
 G = Mean time per level.
                   A        B        C        D        E       F      G
               +--------+--------+--------+--------+--------+-----+--------+
         Total |   2328 |   2328 |      0 |    766 |    417 |   1 | 2328.0 |
       Dungeon |   2328 |   2328 |      0 |    766 |    417 |   1 | 2328.0 |
               +--------+--------+--------+--------+--------+-----+--------+

Top non-repeatable levels by time:
       D: 2328 daAuts
